 Dungeon Crawl Stone Soup version 0.21.1-1-g345015f (webtiles) character file.

105 Kurtz the Ruffian (level 4, -2/35 HPs)
             Began as a Mummy Monk on May 28, 2018.
             Slain by an orc
             ... wielding a +0 flail
              (8 damage)
             ... on level 3 of the Dungeon.
             The game lasted 00:02:29 (4764 turns).

Kurtz the Ruffian (Mummy Monk)                      Turns: 4764, Time: 00:02:30

Health: -2/35      AC:  3    Str: 15    XL:     4   Next: 53%
Magic:  4/4        EV: 13    Int:  9    God:
Gold:   81         SH:  0    Dex: 14    Spells: 3/3 levels left

rFire    . . .     SeeInvis .     - Unarmed
rCold    . . .     Gourm    .   (no shield)
rNeg     + + +     Faith    .   (no armour)
rPois    ∞         Spirit   .   (no helmet)
rElec    .         Reflect  .   (no cloak)
rCorr    .         Harm     .   g - +2 pair of gloves
MR       .....                  (no boots)
Stlth    ++........             (no amulet)
HPRegen  0.11/turn              b - ring of fire
MPRegen  0.09/turn              (no ring)

@: no status effects
A: no food or potions, fire vulnerability, cold resistance 1, negative energy
resistance 3, torment resistance, unbreathing
a: no special abilities


You were on level 3 of the Dungeon.
You were not hungry.

You visited 1 branch of the dungeon, and saw 3 of its levels.

You collected 81 gold pieces.

Inventory:

Armour
 g - a +2 pair of gloves (worn)
Jewellery
 b - a ring of fire (left hand)
 h - a cursed -2 ring of intelligence {unknown}
Scrolls
 a - a scroll of remove curse
 c - a scroll of noise
 f - a scroll of amnesia
Comestibles
 d - 3 rations


   Skills:
 - Level 3.0 Fighting
 - Level 2.4 Dodging
 * Level 2.3 Stealth
 * Level 4.1 Unarmed Combat


You had 3 spell levels left.
You didn't know any spells.

Dungeon Overview and Level Annotations

Branches:
Dungeon (3/15)

Altars:
Fedhas
Kikubaaqudgha
Zin
The Shining One


Innate Abilities, Weirdness & Mutations

You do not eat or drink.
Your flesh is vulnerable to fire.
You are immune to poison.
Your flesh is cold resistant. (rC+)
You are immune to negative energy. (rN+++)
You are immune to unholy pain and torment.
You can survive without breathing.


Message History

* * * LOW HITPOINT WARNING * * *
As you read the scroll labeled PAEBEA DAABIYM, it crumbles to dust.
It is a scroll of amnesia.
You feel forgetful for a moment. The orc priest barely misses you.
As you read the scroll labeled GUNWA URUT, it crumbles to dust.
It is a scroll of enchant armour.
Your +1 pair of gloves glows green for a moment.
The orc priest barely misses you.
As you read the scroll labeled OSOIFINIAMO, it crumbles to dust.
You feel blessed for a moment.
It was a scroll of remove curse.
The orc priest barely misses you.
There is an open door here.
Unknown command.
There is an open door here.
The orc priest begins to cast a cantrip, but forgets the words!
There is a stone staircase leading down here.
You climb downwards.
The orc hits you with a falchion.
* * * LOW HITPOINT WARNING * * *
The orc hits you with a flail!
You die...

......## .......# ..##
#... .......######..#
##...# ..............$.
...#.## .......###......
.......
................#.......
......†(.............. .
......<...........o#....
...............l@......#
..(............oso#...##
.................... ...
...................... .
.
..#####......(......###
#. ..# #..........$.##
###. ### ..........#..
... ..?".(...... #.. #..


You could see 3 orcs, a leopard gecko and a giant cockroach.

Vanquished Creatures
  4 adders (D:2)
  2 worms
  2 dart slugs
  3 leopard geckos
  2 orcs
  3 bats (D:2)
  3 giant cockroaches
  5 goblins
  7 hobgoblins
  5 jackals (D:2)
  2 quokkas (D:2)
  4 frilled lizards
  3 kobolds
  7 rats
52 creatures vanquished.

Notes
Turn   | Place    | Note
-------+----------+-------------------------------------------
     0 | D:1      | Kurtz the Mummy Monk began the quest for the Orb.
     0 | D:1      | Reached XP level 1. HP: 18/18 MP: 1/1
   538 | D:1      | Reached XP level 2. HP: 17/24 MP: 2/2
   934 | D:1      | Reached skill level 3 in Unarmed Combat
  2706 | D:2      | Reached XP level 3. HP: 26/29 MP: 3/3
  2798 | D:2      | Found a glowing golden altar of the Shining One.
  3174 | D:2      | Found a glowing silver altar of Zin.
  3723 | D:2      | Reached XP level 4. HP: 31/35 MP: 4/4
  4003 | D:2      | Reached skill level 4 in Unarmed Combat
  4213 | D:2      | Found an ancient bone altar of Kikubaaqudgha.
  4213 | D:2      | Found a blossoming altar of Fedhas.
  4764 | D:3      | Slain by an orc

Skill      XL: |  1  2  3  4 |
---------------+-------------+-----
Unarmed Combat | 3 4 |  4.1
Stealth        | 2 |  2.3
Fighting       | |  3.0
Dodging        | |  2.4

Action                   |  1- 3 |  4- 6 || total
-------------------------+-------+-------++-------
Melee: Unarmed           |   167 |    67 ||   234
  Use: Scroll            |       |     4 ||     4
 Stab: Sleeping          |     3 |     1 ||     4
       Distracted        |     1 |       ||     1
Armor: Skin              |     8 |     9 ||    17
Dodge: Dodged            |    97 |    41 ||   138
